 Dungeon Crawl Stone Soup version 0.31.0-11-ge490571c62 (webtiles) character file.

Game seed: 7971270501952823298

99 qw the Shooter (level 4, -4/22 HPs)
             Began as a Spriggan Hunter on Feb 4, 2024.
             Killed by psychic fangs
             ... invoked by a brain worm
              (6 damage)
             ... in a sewer.
             The game lasted 00:00:05 (1889 turns).

qw the Shooter (Spriggan Hunter)                    Turns: 1889, Time: 00:00:06

Health: -4/22      AC:  3    Str:  7    XL:     4   Next: 45%
Magic:  5/5        EV: 20    Int: 10    God:
Gold:   161        SH:  0    Dex: 20    Spells: 3/3 levels left

rFire   . . .        h - +0 arbalest
rCold   . . .        (shield currently unavailable)
rNeg    . . .        c - +0 robe
rPois   .            (helmet restricted)
rElec   .            g - +0 cloak
rCorr   .            (gloves unavailable)
SInv    +            (boots unavailable)
Will    .....        (no amulet)
Stlth   +            (no ring)
HPRegen 0.23/turn    (no ring)
MPRegen 0.09/turn

%: no passive effects
@: slow
A: very small, no large weapons, unfitting armour, see invisible, speed 3
a: no special abilities


You were in a sewer.
You visited 1 branch of the dungeon, and saw 3 of its levels.
You also visited: Sewer.

You collected 161 gold pieces.


Innate Abilities, Weirdness & Mutations

You are very small and have problems with some larger weapons.
You are too small for most types of armour.
You have supernaturally acute eyesight. (SInv)
You cover ground extremely quickly. (Speed+++)


   Skills:
 + Level 1.5 Fighting
 - Level 5.0 Ranged Weapons
 - Level 5.0 Dodging
 - Level 1.5 Stealth


You had 3 spell levels left.
You didn't know any spells.
Your spell library was empty.

Inventory:

Hand Weapons
 h - a +0 arbalest (weapon)
Armour
 c - a +0 robe (worn)
 g - a +0 cloak (worn)
Jewellery
 e - a ring of fire
Potions
 a - a potion of resistance
 b - 2 potions of might
 d - a potion of ambrosia {unknown}
 f - a potion of curing
 i - a potion of magic {unknown}

Dungeon Overview and Level Annotations

Branches:
Dungeon (3/15)              Sewer (1/1)

Altars:
Ashenzari


Message History

The river rat completely misses you.
The frilled lizard completely misses you.
The river rat misses you. The frilled lizard barely misses you.
The river rat closely misses you.
The river rat bites you but does no damage.
You shoot a bolt.
The bolt hits the river rat but does no damage.
The river rat is almost dead.
The frilled lizard barely misses you. The river rat closely misses you.
The river rat bites you but does no damage.
You shoot a bolt. The bolt closely misses the river rat.
The frilled lizard bites you. The river rat barely misses you.
The river rat misses you. The river rat completely misses you.
The river rat bites you.
The frilled lizard completely misses you.
You shoot a bolt. The bolt barely misses the river rat.
The frilled lizard bites you but does no damage.
The river rat closely misses you. The river rat misses you.
You shoot a bolt. The bolt hits the river rat!!
You kill the river rat!
The frilled lizard misses you. The river rat misses you.
The frilled lizard bites you. The river rat barely misses you.
Your Dodging skill increases to level 5!
You shoot a bolt. The bolt barely misses the river rat.
The frilled lizard misses you. The river rat barely misses you.
The river rat misses you. The frilled lizard closely misses you.
You shoot a bolt. The bolt hits the brain worm!
The brain worm is heavily wounded.
The brain worm bites you but does no damage.
The frilled lizard barely misses you. The river rat misses you.
The brain worm barely misses you.
You shoot a bolt. The bolt hits the brain worm.
The brain worm is heavily wounded.
The frilled lizard misses you. The river rat closely misses you.
The brain worm misses you. The frilled lizard misses you.
The river rat twitches its whiskers.
The river rat bites you.
The brain worm's bulging head throbs.
Something gnaws on your mind!
You die...

~# .# ~# .# ~# ~#
#################w######
\..~.~~~..~..~~~@r~~~...
\.~.~..~.....~~..l~.~~.~
########################


You could see a brain worm, a river rat and a frilled lizard.

Vanquished Creatures
  2 adders (D:2)
  2 river rats (Sewer)
  2 dart slugs
  2 ball pythons
  4 endoplasms
  5 giant cockroaches
  3 goblins
  4 hobgoblins
  8 jackals (D:2)
  6 quokkas
  A bat (D:1)
  3 frilled lizards
  5 kobolds
  5 rats
52 creatures vanquished.

Notes
Turn   | Place    | Note
-------+----------+-------------------------------------------
     0 | D:1      | qw the Spriggan Hunter began the quest for the Orb.
     0 | D:1      | Reached XP level 1. HP: 10/10 MP: 2/2
     0 | D:1      | 0 ||| qw: Version: 0.3-a-160-g6735b56
     0 | D:1      | 0 ||| qw: Game counter: 5010
     0 | D:1      | 0 ||| qw: Melee chars always use a shield: true
     0 | D:1      | 0 ||| qw: God list: Okawaru
     0 | D:1      | 0 ||| qw: Allow faded altars: false
     0 | D:1      | 0 ||| qw: Do Orc after clearing Dungeon:15 true
     0 | D:1      | 0 ||| qw: Do second Lair branch before Depths: true
     0 | D:1      | 0 ||| qw: Lair rune preference: random
     0 | D:1      | 0 ||| qw: Goals: Normal
     0 | D:1      | 0 ||| PLANNING D:1-11
    43 | D:1      | Reached skill level 3 in Dodging
    52 | D:1      | Found a faded altar of an unknown god.
   178 | D:1      | Reached XP level 2. HP: 14/14 MP: 3/3
   514 | D:1      | 514 ||| DROPPING +6 ring of intelligence.
   515 | D:1      | 515 ||| READING scroll labelled GAR WOKADILAMI.
   515 | D:1      | 515 ||| IDENTIFYING 2 fuming ruby potions
   516 | D:1      | 516 ||| READING scroll labelled EGHIPH PUPLOU.
   519 | D:1      | 519 ||| READING scroll labelled FEHYGE DONAID.
   520 | D:1      | 520 ||| READING scroll labelled SUH CAFIUTYROM.
   521 | D:1      | 521 ||| READING scroll labelled NUZXUGGIVO.
   521 | D:1      | 521 ||| ENCHANTING +0 shortbow.
   522 | D:1      | 522 ||| DROPPING scroll of butterflies.
   523 | D:1      | 523 ||| DROPPING 2 potions of invisibility.
   584 | D:2      | Reached XP level 3. HP: 18/18 MP: 4/4
  1269 | D:2      | 1269 ||| DRINKING 3 puce potions.
  1270 | D:2      | 1270 ||| DRINKING 2 fizzy cyan potions.
  1278 | D:3      | 1278 ||| PLANNING SEWER
  1367 | D:3      | 1367 ||| FLEEEEING.
  1369 | D:3      | 1369 ||| FLEEEEING.
  1418 | D:3      | 1418 ||| SWAPPING to +0 arbalest.
  1419 | D:3      | 1419 ||| DROPPING +0 shortbow.
  1514 | D:3      | Reached XP level 4. HP: 22/22 MP: 5/5
  1644 | D:3      | Found a broken altar of Ashenzari.
  1844 | D:3      | Found a glowing drain.
  1845 | D:3      | 1845 ||| UPGRADING to +0 cloak.
  1850 | D:3      | 1850 ||| READING scroll of identify.
  1850 | D:3      | 1850 ||| IDENTIFYING murky coppery potion
  1859 | Sewer    | Entered a sewer
  1882 | Sewer    | Noticed a brain worm
  1889 | Sewer    | HP: 2/22 [river rat (6)]
  1889 | Sewer    | Killed from afar by a brain worm

Levels and vault maps discovered:
D:1:      matt_arrival_los_fun, layout_rooms,
          hellmonk_ecumenical_altar_crossroads, hangedman_decor_points
D:2:      layout_basic, dk_vineyard_1, grunt_ministairs_15,
          kennysheep_generic_room_10
D:3:      layout_loops_ring, ashenzari_conservatory_becter,
          portal_sewer_entry_f, minmay_splitting_lines
Sewer:    sewer_co_cracked_pipes

Skill      XL: |  1  2  3  4 |
---------------+-------------+-----
Dodging        | 3 4 5 |  5.0
Ranged Weapons | 5 |  5.0
Fighting       | |  1.5
Stealth        | |  1.5

Action                     |  1- 3 |  4- 6 || total
---------------------------+-------+-------++-------
   Fire: Shortbow          |   103 |       ||   103
         Arbalest          |     4 |    32 ||    36
    Use: Scroll            |     5 |     1 ||     6
         Potion            |     2 |       ||     2
 Armour: Robe              |    17 |    14 ||    31
  Dodge: Dodged            |    58 |    45 ||   103

Table legend:
 A = Non-vault XP
 B = Vault XP
 C = Vault XP percentage of total XP
 D = Non-vault monster count
 E = Vault monster count
 F = Vault count percentage of total count
                 A         B        C        D         E       F
            +---------+---------+-------+---------+---------+-------
      Total |      85 |      57 |  40.1 |      41 |      11 |  21.2
            +---------+---------+-------+---------+---------+-------
        D:1 |      22 |       0 |   0.0 |      12 |       0 |   0.0
        D:2 |      41 |      18 |  30.5 |      18 |       3 |  14.3
        D:3 |      22 |      12 |  35.3 |      11 |       6 |  35.3
      Sewer |       0 |      27 | 100.0 |       0 |       2 | 100.0
            +---------+---------+-------+---------+---------+-------
